 Dungeon Crawl Stone Soup version 0.32-a0-572-g3e1049b (webtiles) character file.

Game seed: 3696040976885722559

84 slashem the Ruffian (level 4, 0/49 HPs)
             Began as a Demonspawn Shapeshifter on Mar 1, 2024.
             Slain by a gnoll
             ... wielding a +0 halberd
              (3 damage)
             ... on level 2 of the Dungeon.
             The game lasted 00:03:08 (1417 turns).

slashem the Ruffian (Demonspawn Shapeshifter)       Turns: 1417, Time: 00:03:08

Health: 0/49       AC:  8    Str: 15    XL:     4   Next: 23%
Magic:  4/4        EV:  9    Int: 10    God:
Gold:   51         SH:  0    Dex: 14    Spells: 3/3 levels left

rFire   . . .        o - +2 short sword (speed)
rCold   . . .        (no shield)
rNeg    . . .        k - +0 chain mail
rPois   .            (helmet currently unavailable)
rElec   .            (cloak currently unavailable)
rCorr   +            (gloves currently unavailable)
SInv    .            (boots currently unavailable)
Will    .....        (no amulet) Stlth
                     l - ring of resist corrosion
HPRegen 0.28/turn    (no ring)
MPRegen 0.09/turn

%: no passive effects
@: berserking, beast-form, very quick
A: beast (slay +1), sturdy frame 1, weakness stinger 1
a: Begin Untransformation


You were on level 2 of the Dungeon.
You were a hulking beast.
You visited 1 branch of the dungeon, and saw 2 of its levels.

You collected 51 gold pieces.

Inventory:

Hand Weapons
 o - a +2 short sword of speed (weapon)
Armour
 k - a +0 chain mail (worn)
 m - a +0 scale mail
Jewellery
 l - a ring of resist corrosion (left hand)
Talismans
 c - a beast talisman (active)
 d - a flux talisman
Scrolls
 a - a scroll of poison {unknown}
 e - 2 scrolls of identify {unknown}
 h - a scroll of fear {unknown}
Potions
 b - 2 potions of lignification
 g - 2 potions of curing
 i - a potion of resistance {unknown}
 j - a potion of invisibility {unknown}
 n - a potion of might {unknown}


   Skills:
 + Level 1.8 Fighting
 * Level 0.6 Short Blades
 + Level 1.0 Armour
 * Level 2.5 Dodging
 + Level 3.2 Unarmed Combat
 + Level 2.9 Shapeshifting


You had 3 spell levels left.
You didn't know any spells.
Your spell library contained the following spells:

 Spells                   Type           Power      Damage    Failure   Level
 Necrotise                Necr           0%         1d4       96%         1
 Lesser Beckoning         Tloc           0%         N/A       99%         2
 Scorch                   Fire           0%         2d5       99%         2
 Fugue of the Fallen      Necr           0%         N/A       100%        3
 Gell's Gravitas          Tloc           0%         N/A       100%        3
 Inner Flame              Hex/Fire       0%         N/A       100%        3
 Ozocubu's Armour         Ice            0%         N/A       100%        3
 Teleport Other           Tloc           0%         N/A       100%        3
 Vampiric Draining        Necr           0%         2d6       100%        3
 Flame Wave               Conj/Fire      0%         2d4       100%        4
 Manifold Assault         Tloc           0%         N/A       100%        4
 Martyr's Knell           Necr/Summ      0%         N/A       100%        4
 Curse of Agony           Necr           0%         N/A       100%        5
 Summon Cactus Giant      Summ           0%         N/A       100%        6
 Ignition                 Fire           0%         3d3       100%        8


Dungeon Overview and Level Annotations

Branches:
Dungeon (2/15)

Altars:

Shops:
D:2 :*[?


Innate Abilities, Weirdness & Mutations

You are a hulking beast.
Your limbs bulge with bestial killing power. (Slay +1)
Your movements are slightly less encumbered by armour. (ER -2)
You have a small tail.


Message History

You hit the gnoll.
Your tail-slap misses the gnoll.
The gnoll is almost dead.
The gnoll barely misses you. The gnoll hits you with a +0 whip.
You barely miss the gnoll.
Your tail-slap misses the gnoll.
The gnoll is almost dead.
The gnoll barely misses you. The gnoll hits you with a +0 whip.
You barely miss the gnoll.
The gnoll is almost dead.
You hit the gnoll.
You kill the gnoll!
The gnoll barely misses you.
You have reached level 4!
You feel stronger.
Unknown command.
The gnoll hits you with a +0 halberd!
The gnoll hits you from afar with a +0 halberd!
* * * LOW HITPOINT WARNING * * *
You see here a +0 whip.
It was a potion of curing.
You feel better. The gnoll hits you with a +0 halberd!
* * * LOW HITPOINT WARNING * * *
The gnoll hits you from afar with a +0 halberd.
* * * LOW HITPOINT WARNING * * *
Okay, then.
Okay, then.
It was a potion of berserk rage.
A red film seems to cover your vision as you go berserk!
You feel yourself moving faster!
You feel mighty! The gnoll hits you but does no damage.
The gnoll hits you from afar with a +0 halberd!
* * * LOW HITPOINT WARNING * * *
You hit the gnoll.
The gnoll is lightly wounded.
You puncture the gnoll!
You kill the gnoll!
The gnoll closely misses you.
Things that are here:
a +0 halberd; a gnoll corpse You barely miss the gnoll.
The gnoll hits you with a +0 halberd.
You die...

#### ## #.. ..# #.# #.#
#.####### ##.####
#.#.....# #.....
#)#.###.####....#
#h#.###...##.##>##
######g#...###..>......
#....)..##.####...^.#.#
#........#.......#...∩.
#........#.###...####.#
#........# #..†.)...†
########.#####.#.######
#...........#.#
#.....#######.#


You could see a gnoll.

Vanquished Creatures
  2 gnolls (D:2)
  2 adders (D:2)
  A ribbon worm (D:2)
  2 dart slugs (D:1)
  2 goblins (D:1)
  5 hobgoblins
  6 jackals
  3 kobolds (D:2)
  A quokka (D:2)
  3 ball pythons
  6 bats
  3 frilled lizards (D:1)
  4 rats
40 creatures vanquished.

Notes
Turn   | Place    | Note
-------+----------+-------------------------------------------
     0 | D:1      | slashem the Demonspawn Shapeshifter began the quest for the
                  | Orb.
     0 | D:1      | Reached XP level 1. HP: 15/15 MP: 1/1
   244 | D:1      | Gained mutation: Your movements are slightly less
                  | encumbered by armour. (ER -2) [demonic ancestry]
   244 | D:1      | Reached XP level 2. HP: 20/21 MP: 2/2
   279 | D:1      | Found a faded altar of an unknown god.
   461 | D:1      | Got the Atlas of Calid Doom
   545 | D:1      | Reached skill level 3 in Unarmed Combat
   891 | D:2      | Found Tiryxzu's Armour Emporium.
  1009 | D:2      | Found Dyqemomo's Magic Scroll Boutique.
  1017 | D:2      | Gained mutation: You have a small tail. [demonic ancestry]
  1017 | D:2      | Reached XP level 3. HP: 25/26 MP: 3/3
  1162 | D:2      | Found Rodazurph's Assorted Antiques.
  1342 | D:2      | Found Rotedy's Book Emporium.
  1364 | D:2      | Reached skill level 1 in Armour
  1411 | D:2      | Reached XP level 4. HP: 21/33 MP: 4/4
  1413 | D:2      | HP: 2/49 [gnoll/+0 halberd (8)]
  1417 | D:2      | Slain by a gnoll

Illustrated notes

Levels and vault maps discovered:
D:1:      dpeg_arrival_tiny_e, layout_basic,
          shapermc_ecumenical_altar_notcrosses
D:2:      layout_basic, serial_shops, shop,
          nicolae_shop_temple_entry_statues_fountains,
          nicolae_shop_behind_doors, nicolae_shop_crystal,
          uniq_crazy_yiuf_cottage

Skill      XL: |  1  2  3 |
---------------+----------+-----
Dodging        | 2 |  2.5
Unarmed Combat | 3 |  3.2
Armour         | 1 |  1.0
Fighting       | |  1.8
Short Blades   | |  0.6
Shapeshifting  | |  2.9

Action                     |  1- 3 |  4- 6 || total
---------------------------+-------+-------++-------
  Melee: Unarmed           |   100 |       ||   100
         Punch             |     2 |       ||     2
         Short sword       |    17 |     3 ||    20
         Tailslap          |     3 |       ||     3
    Use: Potion            |       |     2 ||     2
 Armour: Animal skin       |    17 |       ||    17
         Ring mail         |    12 |       ||    12
         Scale mail        |    18 |       ||    18
         Chain mail        |    21 |     7 ||    28
  Dodge: Dodged            |    73 |     1 ||    74

Table legend: (Time is in decaauts)
 A = Elapsed time spent in this place.
 B = Non-inter-level travel time spent in this place.
 C = Inter-level travel time spent in this place.
 D = Time resting spent in this place.
 E = Time spent auto-exploring this place.
 F = Levels seen in this place.
 G = Mean time per level.
                   A        B        C        D        E       F      G
               +--------+--------+--------+--------+--------+-----+--------+
         Total |   1403 |   1355 |     48 |      0 |   1031 |   2 |  701.5 |
       Dungeon |   1403 |   1355 |     48 |      0 |   1031 |   2 |  701.5 |
               +--------+--------+--------+--------+--------+-----+--------+

Top non-repeatable levels by time:
     D:1: 856 daAuts
     D:2: 546 daAuts
